 Dungeon Crawl Stone Soup version 0.30-a0-557-ge2afbf3030 (webtiles) character file.

Game seed: 9905172368054635832

12 greasedhog the Trooper (level 2, -4/33 HPs)
             Began as an Ogre Fighter on Dec 28, 2022.
             Slain by a gnoll
             ... wielding a +0 whip
              (6 damage)
             ... on level 1 of the Dungeon.
             The game lasted 00:00:44 (1141 turns).

greasedhog the Trooper (Ogre Fighter)               Turns: 1141, Time: 00:00:45

Health: -4/33      AC:  3    Str: 19    XL:     2   Next: 33%
Magic:  2/2        EV:  8    Int:  9    God:
Gold:   71         SH:  7    Dex:  8    Spells: 1/1 levels left

rFire   . . .      SeeInvis .    a - +0 flail
rCold   . . .      Faith    .    c - +0 kite shield
rNeg    . . .      Spirit   .    b - +0 robe
rPois   .          Reflect  .    (helmet restricted)
rElec   .          Harm     .    (no cloak)
rCorr   .          Rampage  .    (gloves unavailable)
Will    .....                    (boots unavailable)
Stlth   +                        (no amulet)
HPRegen 0.25/turn                (no ring)
MPRegen 0.08/turn                (no ring)

@: no status effects
A: large, unfitting armour, tough skin 1
a: no special abilities


You were on level 1 of the Dungeon.
You visited 1 branch of the dungeon, and saw 2 of its levels.

You collected 71 gold pieces.

Inventory:

Hand Weapons
 a - a +0 flail (weapon)
Armour
 b - a +0 robe (worn)
 c - a +0 kite shield (worn)
Scrolls
 e - a scroll of teleportation {unknown}
 h - 2 scrolls of noise {unknown}
 j - 2 scrolls of identify {unknown}
 k - a scroll of poison {unknown}
Potions
 d - a potion of might
 f - a potion of mutation {unknown}
 g - 2 potions of curing {unknown}
 i - a potion of brilliance {unknown}


   Skills:
 * Level 4.5 Fighting
 * Level 2.2 Maces & Flails
 - Level 2.6 Dodging
 - Level 3.0 Shields


You had one spell level left.
You didn't know any spells.
Your spell library contained the following spells:

 Spells                   Type           Power      Damage    Failure   Level
 Apportation              Tloc           0%         N/A       67%         1
 Necrotise                Necr           0%         1d4       67%         1
 Summon Small Mammal      Summ           0%         N/A       67%         1


Dungeon Overview and Level Annotations

Branches:
Dungeon (2/15)

Altars:


Innate Abilities, Weirdness & Mutations

You are too large for most types of armour.
You have tough skin. (AC +1)


Message History

You climb upwards.
There is a stone staircase leading down here.
You hit the gnoll but do no damage. The gnoll hits you with a +0 whip.
You barely miss the gnoll. The gnoll hits you with a +0 whip.
The gnoll barely misses you.
You hit the gnoll.
The gnoll is moderately wounded.
You block the gnoll's attack.
You closely miss the gnoll.
The gnoll is moderately wounded.
The gnoll barely misses you. x2
You barely miss the gnoll.
The gnoll is moderately wounded.
You block the gnoll's attack.
You hit the gnoll.
The gnoll is moderately wounded.
You block the gnoll's attack. The gnoll closely misses you.
You hit the gnoll.
The gnoll is moderately wounded.
The gnoll hits you with a +0 whip.
You barely miss the gnoll.
The gnoll is moderately wounded.
The gnoll hits you with a +0 whip. You block the gnoll's attack.
You barely miss the gnoll.
The gnoll is moderately wounded.
You block the gnoll's attack.
You closely miss the gnoll.
The gnoll is moderately wounded.
The gnoll hits you with a +0 whip.
You barely miss the gnoll.
The gnoll is moderately wounded.
You block the gnoll's attack. The gnoll hits you with a +0 whip!
* * * LOW HITPOINT WARNING * * *
You hit the gnoll.
The gnoll is heavily wounded.
The gnoll barely misses you.
You hit the gnoll.
The gnoll is severely wounded.
The gnoll hits you with a +0 whip.
You die...

######## #......# #.####.#
######## #.# #.# #......# #.# #.#
######......####.# #.#
...............g@# #.#
######..........†# #.#
#.....####..# #.#
##########.####..# #.#
..............#..####'#####
##########.##.#...........#
##########.#..#...........#
...........#..#...........#######
...........#..#...........'......


You could see a gnoll.

Vanquished Creatures
  2 bats (D:1)
  An endoplasm (D:1)
  4 kobolds (D:1)
  2 ball pythons (D:1)
  A frilled lizard (D:1)
  2 rats (D:1)
12 creatures vanquished.

Notes
Turn   | Place    | Note
-------+----------+-------------------------------------------
     0 | D:1      | greasedhog the Ogre Fighter began the quest for the Orb.
     0 | D:1      | Reached XP level 1. HP: 24/24 MP: 1/1
   116 | D:1      | Found a faded altar of an unknown god.
   474 | D:1      | Reached XP level 2. HP: 15/33 MP: 2/2
  1139 | D:1      | HP: 1/33 [gnoll/+0 whip (9)]
  1141 | D:1      | Slain by a gnoll

Illustrated notes

Levels and vault maps discovered:
D:1:      psy_arrival_fountain, layout_basic,
          ebering_ecumenical_altar_abandoned, serial_curves, eino_curves_02,
          eino_curves_01
D:2:      layout_loops_ring, serial_shops, shop, minmay_pentomino_v4,
          uniq_sigmund, uniq_robin

Skill      XL: |  1 |
---------------+----+-----
Maces & Flails | 2 |  2.2
Fighting       | |  4.5
Dodging        | |  2.6
Shields        | |  3.0

Action                   || total
-------------------------++-------
Melee: Flail             ||    54
Armor: Robe              ||    12
Dodge: Dodged            ||    18
Block: Kite shield       ||    27

Table legend: (Time is in decaauts)
 A = Elapsed time spent in this place.
 B = Non-inter-level travel time spent in this place.
 C = Inter-level travel time spent in this place.
 D = Time resting spent in this place.
 E = Time spent auto-exploring this place.
 F = Levels seen in this place.
 G = Mean time per level.
                   A        B        C        D        E       F      G
               +--------+--------+--------+--------+--------+-----+--------+
         Total |   1165 |   1138 |     27 |     62 |    936 |   2 |  582.5 |
       Dungeon |   1165 |   1138 |     27 |     62 |    936 |   2 |  582.5 |
               +--------+--------+--------+--------+--------+-----+--------+

Top non-repeatable levels by time:
     D:1: 1154 daAuts
     D:2: 11 daAuts
